AoeStats
← _LY_抖音肥龙

Arabia

510345781Analyzed
1v1 RM · 19h ago on Sep 30, 2026· 44m 2s· 2 players
Game mode
Random Map
Map size
Tiny (2 player)
Population
200
Speed
Normal
Resources
Standard
Victory
Conquest
Starting age
Dark Age
Ending age
Imperial Age
RankedLock teamsTeams togetherTeam positionsShared explorationLock speedFull tech treeHidden civsTurbo modeCheats
Victory
Defeat
🇭🇰 Bulgarians · Hong Kong SAR China
2804
+4
🇩🇰 Celts · Denmark
2474
-4
DK | Good_luck
8:16 Loom
11:49 Feudal Age
12:17 Double-Bit Axe
12:35 Horse Collar
19:14 Castle Age
20:10 Bow Saw
26:40 Wheelbarrow
26:40 Crossbowman
28:41 Fletching
29:12 Padded Archer Armor
29:39 Ballistics
29:34 Bodkin Arrow
33:57 Imperial Age
33:38 Pikeman
34:19 Scale Mail Armor
35:43 Chemistry
35:44 Masonry
36:11 Hoardings
36:05 Hand Cart
37:49 Hoardings
40:23 Heavy Scorpion
41:05 Halberdier
42:02 Heavy Plow
42:56 Chain Mail Armor
_LY_抖音肥龙
6:35 Loom
9:08 Feudal Age
9:44 Double-Bit Axe
11:02 Horse Collar
19:33 Castle Age
17:40 Gold Mining
18:33 Fletching
18:42 Arson
19:00 Scale Mail Armor
19:03 Padded Archer Armor
19:38 Elite Skirmisher
20:14 Bodkin Arrow
20:29 Bow Saw
21:58 Chain Mail Armor
21:31 Gambesons
22:02 Squires
22:50 Forging
23:17 Wheelbarrow
22:54 Heavy Plow
27:55 Town Watch
29:00 Hand Cart
28:53 Stone Mining
30:29 Scale Barding Armor
33:45 Imperial Age
31:32 Husbandry
32:10 Chain Barding Armor
32:32 Bloodlines
33:43 Gold Shaft Mining
34:19 Iron Casting
33:55 Stirrups
35:10 Plate Barding Armor
36:38 Blast Furnace
36:20 Plate Mail Armor
36:19 Ballistics
36:50 Bagains
37:36 Conscription
39:53 Capped Ram
41:45 Siege Engineers
41:43 Siege Ram
41:49 Siege Ram
43:00 Masonry
42:33 Light Cavalry
43:49 Bracer
44:52 Chemistry
Connection lost

Rejoining the realm…

Still unreachable

The connection could not be restored.

Session expired

The server has moved on; the page needs a fresh start.